 Dungeon Crawl Stone Soup version 0.16-a0-2010-g98bc240 (webtiles) character file.

101739 grisnicke the Summoner (level 15, -31/107 HPs)
             Began as a Vampire Summoner on Nov 4, 2014.
             Was the Champion of Kikubaaqudgha.
             Annihilated by Agnes
             ... wielding a +0 lajatang of speed
              (36 damage)
             ... on level 1 of the Spider Nest on Nov 9, 2014.
             The game lasted 08:04:11 (43226 turns).

grisnicke the Summoner (Vampire Summoner)          Turns: 43226, Time: 08:04:11

Health: -31/107    AC:  0    Str:  3    XL:     15   Next: 84%
Magic:  29/30      EV: 32    Int: 19    God:    Kikubaaqudgha [******]
Gold:   282        SH:  0    Dex: 21    Spells: 8 memorised, 0 levels left

rFire  . . .     SeeInvis +     b - melded +0 blowgun
rCold  + + .     Clarity  .     V - melded +3 mottled dragon armour
rNeg   + + +     SustAb   .     S - melded +1 buckler {reflect}
rPois  +         Gourm    .     N - melded +1 helmet
rElec  .         Spirit   .     e - melded +1 cloak {rPois}
rCorr  .         Warding  +     y - melded +0 pair of gloves
rMut   .         Stasis   .     r - melded +0 pair of boots
MR     +....                    K - amulet of warding
Stlth  ++++++....               q - melded ring of protection from fire
                                D - melded +5 ring of protection

@: bat-form, flying, regenerating slowly, very quick, somewhat resistant to
hostile enchantments, very stealthy
A: bottle blood, (fangs 0), see invisible, (unbreathing)
a: Bottle Blood, End Transformation, Receive Corpses, Torment, Renounce Religion


You were on level 1 of the Spider Nest.
You worshipped Kikubaaqudgha.
Kikubaaqudgha was exalted by your worship.
You were near bloodless.
You were in vampire-bat-form.
You visited 6 branches of the dungeon, and saw 33 of its levels.
You visited the Abyss 1 time.

You collected 3478 gold pieces.
You spent 3196 gold pieces at shops.

Inventory:

Hand weapons
 a - a +9 dagger of pain
 b - a +0 blowgun (melded)
 d - the +7 dagger "Frivvol" {pierce, Noisy +Inv rElec Str+3 Stlth+}
   (You bought it in a shop on level 11 of the Dungeon)

   It inflicts extra damage upon your enemies.
   It affects your strength (+3).
   It insulates you from electricity.
   It lets you turn invisible.
   It may make noises in combat.
   It makes you more stealthy.
Missiles
 s - 4 throwing nets (quivered)
 L - 63 poisoned needles
 T - 2 curare-tipped needles
Armour
 e - a +1 cloak of poison resistance (melded)
 r - a +0 pair of boots (melded)
 y - a +0 pair of gloves (melded)
 N - a +1 helmet (melded)
 S - a +1 buckler of reflection (melded)
 V - a +3 mottled dragon armour (melded)
Jewellery
 q - a ring of protection from fire (melded)
 A - an uncursed ring of protection from magic
 D - a +5 ring of protection (melded)
 K - an amulet of warding (around neck)
Magical devices
 g - a wand of fire (6)
 i - a wand of lightning (4)
 j - a wand of teleportation (8)
 n - a wand of paralysis (7)
 I - a wand of fire (10)
 J - a wand of enslavement (14)
 O - a wand of cold (10)
 R - a wand of cold (4)
 U - a wand of disintegration (6)
 Y - a wand of confusion (20)
 Z - a wand of fire (6)
Scrolls
 f - 10 scrolls of remove curse
 h - 3 scrolls of magic mapping
 k - 5 scrolls of fog
 m - 12 scrolls of teleportation
 u - a scroll of summoning
 G - a scroll of recharging
 Q - 2 scrolls of silence
 W - 4 scrolls of blinking
Potions
 c - 9 potions of agility
 l - 2 potions of resistance
 o - 11 potions of heal wounds
 p - 8 potions of curing
 t - 3 potions of might
 v - 5 potions of brilliance
 w - 3 potions of restore abilities
 x - 5 potions of blood
 z - 4 potions of cancellation
 E - 2 potions of flight
 H - a potion of magic
 M - 2 potions of haste
 X - a potion of invisibility
Books
 C - a book of Air

   Spells                             Type                      Level
   Shock                              Conjuration/Air              1
   Swiftness                          Charms/Air                   2
   Repel Missiles                     Charms/Air                   2
   *Flight                            Charms/Air                   3
   Static Discharge                   Conjuration/Air              3
   Lightning Bolt                     Conjuration/Air              5
 F - a book of Spatial Translocations

   Spells                             Type                      Level
   Apportation                        Translocation                1
   Blink                              Translocation                2
   Shroud of Golubria                 Charms/Translocation         2
   Portal Projectile                  Translocation                3
   Teleport Other                     Translocation                3
   Passage of Golubria                Translocation                4
Miscellaneous
 P - a phial of floods


   Skills:
 + Level 6.7 Fighting
 - Level 10.0 Short Blades
 - Level 6.0 Armour
 - Level 10.0 Dodging
 - Level 11.1 Stealth
 - Level 5.0 Shields
 + Level 7.5 Spellcasting
 - Level 14.6 Summonings
 - Level 9.8 Necromancy
 - Level 6.1 Ice Magic
 - Level 4.0 Air Magic
 - Level 10.0 Evocations


You couldn't memorise any spells.
You knew the following spells:

 Your Spells              Type           Power        Failure   Level  Hunger
a - Summon Lightning Spi  Summ/Air       #####...     8%          4    ###....
b - Call Canine Familiar  Summ           ######..     1%          3    #......
c - Summon Ice Beast      Ice/Summ       #####...     6%          4    ###....
d - Animate Skeleton      Necr           N/A          2%          1    None
e - Regeneration          Chrm/Necr      ####......   14%         3    #......
f - Dispel Undead         Necr           #####...     17%         5    #####..
g - Monstrous Menagerie   Summ           ######....   12%         6    ######.
h - Flight                Chrm/Air       ##........   32%         3    #......


Dungeon Overview and Level Annotations

Branches:
Dungeon (15/15)            Temple (1/1) D:4            Lair (8/8) D:10
  Swamp (4/5) Lair:4       Spider (1/5) Lair:5        Slime (0/6) Lair:8
    Orc (4/4) D:11            Elf (0/3) Orc:3        Vaults (0/5) D:13
 Depths (0/5) D:15

Altars:
Ashenzari
Cheibriados
Dithmenos
Elyvilon
Fedhas
Gozag
Kikubaaqudgha
Makhleb
Nemelex Xobeh
Okawaru
Qazlal
Ru
Sif Muna
Trog
Vehumet
Xom
Yredelemnul
Zin
The Shining One
Beogh

Shops:
D:8 (   D:10 (   D:11 [(*:(   D:15 [   Orc:1 :   Orc:4 =??*

Annotations:
D:8 exclusion: 2 wights
Lair:6 Maud, Snorg
Spider:1 Agnes, Donald
Orc:1 Erolcha


Innate Abilities, Weirdness & Mutations

You heal slowly.
You can bottle blood from corpses.
((You have razor-sharp teeth.))
You have supernaturally acute eyesight.
((You can survive without breathing.))


Message History

Your +1 cloak of poison resistance melds into your body.
Your +1 helmet melds into your body.
Your +0 pair of gloves melds into your body.
Your +0 pair of boots melds into your body.
Your +1 buckler of reflection melds into your body.
Your +3 mottled dragon armour melds into your body.
Your +5 ring of protection melds into your body.
Your ring of protection from fire melds into your body.
Agnes misses you. x2
Agnes hits you with a glowing lajatang!!!
* * * LOW HITPOINT WARNING * * *
You see here a stone.
Your skin stops crawling.
You can't do that in your present form.
Read which item? (? for menu, Esc to quit)
As you read the scroll of fear, it crumbles to dust.
You assume a fearsome visage.
Agnes resists with almost no effort.
Agnes hits you with a glowing lajatang!!!
You die...
Kikubaaqudgha rasps: "You have failed me!
Welcome... oblivion!"

...####..######
#).......# ...# ##..###
#...##...# .### ##...##
#...##...# ## #....##
##...^....# ###...##
##.#...##:.#
##...####.†....##..#
##..##%#((........#
#..##.i..#(..##...#
#..#.b#.##.(.##...#
##....###.........##
#####...###....##.....#
#..########.^...#....##
#..##...#...#.........#
###...##..#..........####
##.....##..##..#..###.#
#...##..#..###.######?#
#...#..##..(..#.# #..#


You could see Agnes.

Vanquished Creatures
  Louise (Swamp:3)
  3 centaur warriors
  Fannar (Orc:2)
  Harold (Lair:7)
  3 hydras
  Erica (D:12)
  4 alligators
  2 orc high priests (Orc:4)
  2 catoblepae
  4 spriggans
  A giant orange brain (D:15)
  An unseen horror (shapeshifter) (D:15)
  3 swamp dragons
  2 orb spiders (Spider:1)
  3 orc knights
  4 hill giants
  2 orc sorcerers (Orc:4)
  6 ugly things
  4 wolf spiders (Spider:1)
  A cyclops (D:15)
  3 manticores
  A moth of wrath (shapeshifter) (D:13)
  2 black mambas
  Maurice (D:10)
  A black mamba (shapeshifter) (D:15)
  10 spiny frogs
  8 elephants
  Psyche (Orc:4)
  A torpor snail (Spider:1)
  6 fire drakes
  2 jumping spiders (Spider:1)
  An efreet (D:14)
  3 giant leeches
  A merfolk (shapeshifter) (D:15)
  A freezing wraith (D:14)
  5 trolls
  4 komodo dragons
  2 polar bears
  2 blink frogs (shapeshifter) (D:15)
  5 blink frogs
  6 bog bodies
  2 baby alligators (Swamp:2)
  2 two-headed ogres
  2 trapdoor spiders
  10 slime creatures
  6 basilisks
  A deep elf mage (D:12)
  A gnoll sergeant (D:12)
  A tarantella (Lair:5)
  2 shadows
  3 wraiths
  A wyvern (D:14)
  Eustachio (D:7)
  13 hippogriffs
  14 yaks
  A hungry ghost (D:13)
  A steam dragon (Lair:8)
  8 vampire mosquitoes
  5 wargs
  8 swamp worms
  10 wolves
  14 porcupines
  A soldier ant (D:13)
  20 water moccasins
  A hell hound (Lair:8)
  15 orc warriors
  10 spiders (Spider:1)
  An orc zombie (Orc:4)
  3 sky beasts
  4 yellow wasps
  4 black bears
  3 swamp drakes
  9 ogres
  2 phantoms
  An ice beast (D:13)
  A boring beetle (Lair:6)
  A big kobold (D:9)
  14 crocodiles
  13 centaurs
  11 giant frogs
  6 killer bees
  A yak skeleton (Orc:4)
  4 scorpions
  3 wights
  A hippogriff skeleton (D:11)
  10 crimson imps
  A goliath beetle (D:7)
  7 jellies
  A gnoll shaman (D:9)
  14 hounds
  17 orc priests
  A centaur skeleton (D:11)
  7 worker ants
  7 iguanas
  3 orange rats (Lair:3)
  17 orc wizards
  8 sheep
  An ogre zombie (D:9)
  An ogre skeleton (D:6)
  A hound zombie (D:9)
  Terence (D:3)
  3 gnolls
  25 green rats
  19 adders
  4 shadow imps
  2 giant mites
  2 white imps
  7 worms
  An orc skeleton (D:10)
  3 oozes
  7 giant geckos
  120 orcs
  19 bats
  A bat skeleton (D:8)
  2 giant cockroaches
  18 goblins
  10 hobgoblins
  24 jackals
  11 quokkas
  A ball python (Lair:1)
  A giant newt (D:4)
  A giant spore (D:9)
  A green rat skeleton (Lair:2)
  17 kobolds
  A quokka skeleton (D:8)
  13 rats
  6 rat skeletons
  8 ballistomycetes
  2 fungi (Lair:7)
776 creatures vanquished.

Vanquished Creatures (collateral kills)
  A tentacled monstrosity (Swamp:2)
  An ettin (Orc:4)
  A vault guard (D:13)
  A fire dragon (Lair:8)
  6 rakshasas (D:13)
  8 hydras
  The ghost of Kraw the Grappler, an experienced TrWn of Ru (Lair:1)
  4 alligators
  The ghost of RobertPalmer the Martial Artist, a powerful DsTm (Lair:1)
  An ogre mage (D:14)
  An orc high priest (Orc:4)
  A catoblepas (D:14)
  The ghost of RobertPalmer the Nimble, an experienced DsTm (D:10)
  A swamp dragon (Swamp:4)
  2 orc knights (Orc:4)
  2 hill giants
  A harpy (D:14)
  3 orb spiders (Spider:1)
  11 ugly things
  2 black mambas
  4 elephants
  A cyclops (D:14)
  2 orc sorcerers
  An ugly thing skeleton (D:14)
  2 griffons
  A centaur skeleton (D:15)
  9 komodo dragons
  A torpor snail (Lair:7)
  A kobold demonologist (D:13)
  A demonic crawler (Spider:1)
  3 fire drakes
  9 spiny frogs
  7 polar bears (Lair:8)
  A jumping spider (shapeshifter) (D:13)
  6 giant leeches
  A jumping spider (Spider:1)
  9 blink frogs
  A bog body (Swamp:2)
  2 ravens (Swamp:4)
  13 slime creatures
  4 trolls
  A trapdoor spider (D:13)
  3 spriggans
  A wraith (D:15)
  A deep elf mage (D:14)
  3 basilisks
  A hungry ghost (D:7)
  An ice beast (D:14)
  24 yaks
  A hippogriff (Lair:8)
  A warg (Lair:8)
  15 swamp worms
  A human (D:7)
  20 vampire mosquitoes
  11 wolves
  A hill giant skeleton (D:9)
  Edmund (D:9)
  A sky beast (D:10)
  6 porcupines
  3 hell hounds (Lair:8)
  2 mottled dragons (Lair:8)
  5 water moccasins
  9 black bears
  6 centaurs
  5 yellow wasps
  3 spiders (Spider:1)
  A necrophage (D:10)
  2 phantoms
  9 orc warriors
  5 ogres
  3 swamp drakes
  A manticore skeleton (D:15)
  Sigmund (D:6)
  Duvessa (D:7)
  7 crocodiles
  5 giant frogs
  A big kobold (D:8)
  Blork the orc (Orc:1)
  2 scorpions
  A water moccasin skeleton (Lair:8)
  14 wights
  A polar bear skeleton (Lair:8)
  A yak skeleton (Orc:4)
  4 killer bees (D:10)
  5 crimson imps
  Dowan (D:7)
  3 jellies (Lair:8)
  18 orc priests
  3 orange rats (Lair:3)
  11 orc wizards
  7 hounds
  7 iguanas
  A human skeleton (Swamp:2)
  A black bear skeleton (Lair:8)
  A bog body skeleton (Swamp:4)
  A worker ant (D:7)
  A sky beast zombie (D:5)
  12 sheep
  Ijyb (D:4)
  A hound skeleton (D:4)
  11 gnolls
  10 green rats
  10 adders
  2 orc zombies (Orc:4)
  4 shadow imps
  8 worms (Lair:1)
  11 white imps (Lair:1)
  An adder zombie (D:7)
  9 orc skeletons
  A giant gecko (D:4)
  3 oozes
  78 orcs
  7 ball pythons (Lair:1)
  A giant cockroach (D:4)
  10 goblins
  2 hobgoblins
  3 quokkas
  2 basilisk skeletons (Lair:6)
  4 bats
  A goblin skeleton (D:4)
  9 jackals
  5 kobolds
  2 rats
  5 rat skeletons (Orc:4)
  2 fungi
  2 plants (Lair:8)
592 creatures vanquished.

Vanquished Creatures (others)
  6 lindwurms
  3 harpies
  2 ugly thing skeletons
  A manticore (Swamp:4)
  A hydra skeleton (D:13)
  26 wolves
  47 ice beasts
  A raven skeleton (Swamp:4)
  A swamp dragon skeleton (Swamp:4)
  3 fire drake skeletons (Lair:8)
  2 hell hound skeletons (Lair:8)
  A warg skeleton (Orc:4)
  2 polar bear skeletons (Lair:8)
  17 hounds
  A bog body skeleton (Swamp:3)
  A centaur skeleton (D:14)
  A two-headed ogre skeleton (D:14)
  13 lightning spires
  A steam dragon skeleton (Lair:8)
  A bat (D:4)
  2 bat skeletons (D:5)
  4 quokkas
  3 adder skeletons
  3 basilisk skeletons
  A big kobold skeleton (D:8)
  3 black bear skeletons
  A black mamba skeleton (Lair:2)
  2 blink frog skeletons (Lair:8)
  2 catoblepas skeletons
  2 crocodile skeletons
  4 elephant skeletons (Lair:4)
  3 elf skeletons
  A giant gecko skeleton (D:7)
  2 giant spores
  A goblin skeleton (D:4)
  5 green rat skeletons (Lair:2)
  A hippogriff skeleton (D:10)
  3 hound skeletons
  5 human skeletons
  2 iguana skeletons
  3 jackal skeletons
  4 kobold skeletons
  A necrophage skeleton (D:10)
  4 ogre skeletons
  An orange rat skeleton (Lair:3)
  33 orc skeletons
  A porcupine skeleton (Lair:4)
  A quokka skeleton (D:10)
  4 rats
  2 rat skeletons (Orc:4)
  3 sheep skeletons
  3 spiny frog skeletons
  2 troll skeletons
  8 water moccasin skeletons
  3 wolf skeletons
  4 yak skeletons
  3 fungi
  5 plants
266 creatures vanquished.

Grand Total: 1634 creatures vanquished

Notes
Turn   | Place    | Note
--------------------------------------------------------------
     0 | D:1      | grisnicke, the Vampire Summoner, began the quest for the Orb.
     0 | D:1      | Reached XP level 1. HP: 13/13 MP: 3/3
   679 | D:1      | Reached XP level 2. HP: 10/19 MP: 1/4
   886 | D:1      | Reached skill level 1 in Short Blades
  1197 | D:1      | Reached XP level 3. HP: 24/24 MP: 6/6
  1526 | D:2      | Learned a level 3 spell: Call Canine Familiar
  1642 | D:2      | Reached XP level 4. HP: 30/30 MP: 7/7
  1742 | D:2      | Reached skill level 5 in Summonings
  2703 | D:3      | Learned a level 4 spell: Summon Ice Beast
  2763 | D:3      | Noticed Terence
  2777 | D:3      | Killed Terence
  2794 | D:3      | Reached XP level 5. HP: 33/35 MP: 6/10
  2908 | D:3      | Found a sparkling altar of Nemelex Xobeh.
  2999 | D:3      | Reached skill level 1 in Ice Magic
  3609 | D:4      | Found a staircase to the Ecumenical Temple.
  3619 | Temple   | Entered the Ecumenical Temple
  3646 | Temple   | Became a worshipper of Kikubaaqudgha
  3703 | D:4      | Reached XP level 6. HP: 37/41 MP: 11/11
  3815 | D:4      | Found an opulent altar of Gozag.
  4441 | D:4      | Noticed a phantom
  4516 | D:4      | Killed a phantom
  4630 | D:4      | Noticed an ogre
  4639 | D:4      | Killed an ogre
  5130 | D:4      | Reached skill level 6 in Summonings
  5458 | D:4      | Reached XP level 7. HP: 34/46 MP: 9/13
  5855 | D:5      | Entered Level 5 of the Dungeon
  6014 | D:5      | Found a blossoming altar of Fedhas.
  6129 | D:5      | Reached skill level 5 in Stealth
  6297 | D:5      | Acquired Kikubaaqudgha's first power
  6297 | D:5      | Received a gift from Kikubaaqudgha
  6298 | D:5      | Identified Kikubaaqudgha's Almanac of Evil (Kikubaaqudgha gifted it to you on level 5 of the Dungeon)
  6301 | D:5      | Learned a level 1 spell: Animate Skeleton
  7330 | D:4      | Reached skill level 7 in Summonings
  7334 | D:4      | HP: 1/47 [ice beast[the player character] (6)]
  7713 | D:4      | Noticed Ijyb
  7731 | D:4      | Reached skill level 1 in Fighting
  7731 | D:4      | Killed Ijyb
  7912 | D:6      | Found a shimmering altar of Xom.
  7940 | D:6      | Noticed Sigmund
  7949 | D:6      | Killed Sigmund
  8260 | D:6      | Reached XP level 8. HP: 42/56 MP: 10/14
  8352 | D:6      | Reached skill level 5 in Ice Magic
  9038 | D:7      | Noticed Duvessa
  9038 | D:7      | Noticed Dowan
  9250 | D:7      | Noticed Eustachio
  9284 | D:7      | Killed Eustachio
  9284 | D:7      | Reached skill level 8 in Summonings
 10159 | D:7      | Killed Dowan
 10159 | D:7      | Reached XP level 9. HP: 61/61 MP: 5/19
 10197 | D:7      | Killed Duvessa
 10868 | D:8      | Found Osachic's Weapon Shop.
 10979 | D:8      | Acquired Kikubaaqudgha's second power
 10993 | D:8      | Reached skill level 1 in Necromancy
 11115 | D:8      | Found a sacrificial altar of Ru.
 11116 | D:8      | Found a glowing silver altar of Zin.
 11711 | D:9      | Noticed Edmund
 11769 | D:9      | Killed Edmund
 11868 | D:9      | Reached skill level 5 in Short Blades
 12629 | D:10     | Entered Level 10 of the Dungeon
 12657 | D:9      | Reached XP level 10. HP: 63/73 MP: 7/21
 12825 | D:10     | Found Qouqasmu's Weapon Emporium.
 12851 | D:10     | Reached skill level 5 in Fighting
 12860 | D:10     | Learned a level 4 spell: Summon Lightning Spire
 12864 | D:10     | Learned a level 3 spell: Regeneration
 13009 | D:10     | Noticed a hill giant
 13026 | D:10     | Killed a hill giant
 13026 | D:10     | Reached skill level 1 in Air Magic
 13309 | D:10     | Upgraded the game from 0.16-a0-1858-gba9b1e2 to 0.16-a0-1885-g0f03bb0
 13486 | D:10     | Noticed Maurice
 13491 | D:10     | Killed Maurice
 13648 | D:10     | Noticed RobertPalmer's ghost (experienced DsTm)
 13679 | D:10     | Killed RobertPalmer's ghost
 13907 | D:10     | Found a staircase to the Lair.
 13931 | D:10     | Received a gift from Kikubaaqudgha
 13934 | D:10     | Identified Kikubaaqudgha's Papyrus of Evil Secrets (Kikubaaqudgha gifted it to you on level 10 of the Dungeon)
 14046 | D:10     | Reached skill level 9 in Summonings
 14256 | Lair:1   | Entered Level 1 of the Lair of Beasts
 14295 | Lair:1   | Noticed RobertPalmer's ghost (powerful DsTm)
 14335 | Lair:1   | Killed RobertPalmer's ghost
 14392 | Lair:1   | Noticed Kraw's ghost (experienced TrWn)
 14859 | Lair:1   | Killed Kraw's ghost
 14880 | Lair:1   | Found a frozen archway.
 15224 | Lair:1   | Reached skill level 5 in Necromancy
 15224 | Lair:1   | Reached XP level 11. HP: 83/83 MP: 22/22
 15268 | Lair:1   | Reached skill level 10 in Summonings
 15465 | Lair:1   | Reached skill level 5 in Dodging
 15652 | Lair:1   | Noticed a black mamba
 15657 | Lair:1   | Killed a black mamba
 18256 | Lair:2   | Acquired Kikubaaqudgha's third power
 19364 | Lair:4   | Reached skill level 5 in Spellcasting
 19430 | Lair:4   | Reached XP level 12. HP: 52/89 MP: 8/24
 19757 | Lair:4   | Found a staircase to the Swamp.
 20636 | Lair:5   | Reached skill level 10 in Short Blades
 21102 | Lair:5   | Found a hole to the Spider Nest.
 21296 | Lair:5   | Upgraded the game from 0.16-a0-1885-g0f03bb0 to 0.16-a0-1970-g0967df0
 21328 | Lair:5   | Learned a level 5 spell: Dispel Undead
 21656 | Lair:6   | Noticed Maud
 21863 | Lair:6   | Reached skill level 10 in Stealth
 22051 | Lair:6   | Noticed a six-headed hydra
 22115 | Lair:6   | Noticed Snorg
 22478 | Lair:6   | Killed a six-headed hydra
 22570 | Lair:7   | Noticed Harold
 22588 | Lair:7   | Reached skill level 11 in Stealth
 22961 | Lair:7   | Killed Harold
 22961 | Lair:7   | Reached skill level 1 in Shields
 23293 | Lair:7   | Reached XP level 13. HP: 95/95 MP: 27/27
 23476 | Lair:8   | Entered Level 8 of the Lair of Beasts
 23479 | Lair:8   | Found a staircase to the Slime Pits.
 24142 | Lair:8   | Upgraded the game from 0.16-a0-1970-g0967df0 to 0.16-a0-1982-g8124c91
 24262 | Lair:8   | Acquired Kikubaaqudgha's fourth power
 24479 | Lair:8   | Reached skill level 5 in Shields
 24548 | Lair:8   | Learned a level 6 spell: Monstrous Menagerie
 25398 | Lair:8   | Identified the Disquisition on the Earthen Volcanoes (You found it on level 8 of the Lair of Beasts)
 26064 | Lair:7   | Reached skill level 12 in Summonings
 26495 | D:11     | Found Hyogam's General Store.
 26505 | D:11     | Bought a scroll of identify for 26 gold pieces
 26505 | D:11     | Bought a potion of agility for 32 gold pieces
 26505 | D:11     | Bought a scroll of blinking for 97 gold pieces
 26599 | D:11     | Found Ghuyr's Weapon Shop.
 26631 | D:11     | Bought the +7 dagger "Frivvol" {pierce, Noisy +Inv rElec Str+3 Stlth+} for 904 gold pieces
 26631 | D:11     | Bought 20 poisoned needles for 112 gold pieces
 26637 | D:11     | Found Kleug's Book Shop.
 26691 | D:11     | Found Zuontoyc's Weapon Shop.
 26724 | D:11     | Found a staircase to the Orcish Mines.
 26758 | D:11     | Found a roughly hewn altar of Beogh.
 26803 | D:11     | Found Gust's Antique Armour Shop.
 26812 | D:11     | Bought a crude robe for 171 gold pieces
 26823 | D:11     | Identified the cursed -5 robe of Misfortune {-Cast Contam *Tele EV-4 Str-2 Dex-2 Int-2 Stlth-- Curse} (You bought it in a shop on level 11 of the Dungeon)
 26833 | D:11     | Bought a glowing leather armour for 60 gold pieces
 26840 | D:11     | Bought an embroidered cloak for 135 gold pieces
 26858 | D:11     | Gained mutation: Your body is slowly deteriorating. [mutagenic glow]
 27198 | Orc:1    | Entered Level 1 of the Orcish Mines
 27216 | Orc:1    | Reached skill level 1 in Evocations
 27338 | Orc:1    | Found Oxitra's Book Emporium.
 27470 | Orc:1    | Noticed Erolcha
 27487 | Orc:1    | Noticed Blork the orc
 27497 | Orc:1    | Killed Blork the orc
 27547 | Orc:2    | Noticed Fannar
 27638 | Orc:2    | Killed Fannar
 27861 | Orc:2    | Your ally Fannar died
 29297 | Orc:3    | Found a staircase to the Elven Halls.
 29396 | Orc:4    | Entered Level 4 of the Orcish Mines
 30014 | Orc:4    | Noticed Psyche
 30022 | Orc:4    | Killed Psyche
 30288 | Orc:4    | Your ally Psyche died
 30311 | Orc:4    | Reached XP level 14. HP: 79/101 MP: 10/29
 30318 | Orc:4    | Reached skill level 13 in Summonings
 30555 | Orc:4    | Found Taiwahes' Assorted Antiques.
 30555 | Orc:4    | Found Gremiadu's Jewellery Emporium.
 30556 | Orc:4    | Found Kleriot's Magic Scroll Shop.
 30558 | Orc:4    | Found Smifiun's Magic Scroll Emporium.
 30571 | Orc:4    | Bought a scroll of enchant weapon for 97 gold pieces
 30588 | Orc:4    | Upgraded the game from 0.16-a0-1982-g8124c91 to 0.16-a0-2010-g98bc240
 30589 | Orc:4    | Bought an uncursed ring of protection from fire for 400 gold pieces
 30683 | D:11     | Bought a book of Air for 595 gold pieces
 31089 | D:12     | Noticed Erica
 31104 | D:12     | Killed Erica
 31355 | Temple   | Identified a +9 dagger of pain (a +8 dagger of electrocution bloodied by Kikubaaqudgha)
 32229 | D:13     | Reached skill level 14 in Summonings
 32857 | D:13     | Found a gate to the Vaults.
 33774 | D:13     | Reached skill level 1 in Armour
 34434 | Orc:4    | Bought a scroll of enchant armour for 112 gold pieces
 34441 | Orc:4    | Bought a scroll of enchant armour for 97 gold pieces
 34463 | Orc:4    | Bought a fizzy purple potion for 26 gold pieces
 34468 | Orc:4    | Lost mutation: Your body is slowly deteriorating. [potion of cure mutation]
 36006 | D:14     | Reached skill level 5 in Evocations
 36369 | D:14     | Found a white marble altar of Elyvilon.
 36442 | D:15     | Entered Level 15 of the Dungeon
 36507 | D:15     | Found Tauq's Antique Armour Emporium.
 37487 | D:15     | Reached XP level 15. HP: 62/107 MP: 21/30
 37691 | D:15     | Reached skill level 5 in Armour
 37716 | D:15     | Found a staircase to the Depths.
 37739 | D:15     | Learned a level 3 spell: Flight
 38043 | Swamp:1  | Entered Level 1 of the Swamp
 38804 | Swamp:2  | Noticed a tentacled monstrosity
 39367 | Swamp:2  | Killed a tentacled monstrosity
 40229 | Swamp:3  | Noticed Louise
 40405 | Swamp:3  | Cast into the Abyss (Louise)
 40418 | Swamp:3  | Escaped the Abyss
 40432 | Swamp:3  | Killed Louise
 41957 | D:15     | Bought a pair of gloves for 166 gold pieces
 41957 | D:15     | Bought a runed buckler for 166 gold pieces
 42238 | Spider:1 | Entered Level 1 of the Spider Nest
 42753 | Spider:1 | Noticed Agnes
 42919 | Spider:1 | Reached skill level 10 in Evocations
 43153 | Spider:1 | Noticed Donald
 43184 | Spider:1 | Reached skill level 10 in Dodging
 43219 | Spider:1 | HP: 3/107 [Agnes/glowing lajatang (38)]
 43226 | Spider:1 | Annihilated by Agnes

Action                   |  1- 3 |  4- 6 |  7- 9 | 10-12 | 13-15 || total
-------------------------+-------+-------+-------+-------+-------++-------
Melee: Dagger            |    81 |   236 |   366 |   611 |  1540 ||  2834
       Unarmed           |     2 |       |       |       |       ||     2
       Dire flail        |       |       |    15 |    15 |       ||    30
 Fire: Blowgun           |       |       |    22 |    98 |    78 ||   198
Throw: Stone             |    13 |    38 |    28 |    22 |       ||   101
       Tomahawk          |       |       |       |     1 |     4 ||     5
       Throwing net      |       |       |       |       |     5 ||     5
 Cast: Summon Small Mamm |    15 |    20 |     5 |       |       ||    40
       Call Canine Famil |       |    21 |    33 |    25 |    36 ||   115
       Animate Skeleton  |       |       |    30 |    45 |   136 ||   211
       Summon Ice Beast  |       |       |    47 |   124 |    93 ||   264
       Summon Lightning  |       |       |       |    19 |    72 ||    91
       Regeneration      |       |       |       |    21 |   114 ||   135
       Dispel Undead     |       |       |       |       |    10 ||    10
       Monstrous Menager |       |       |       |       |    82 ||    82
       Flight            |       |       |       |       |    13 ||    13
 Abil: Bottle Blood      |       |     5 |    13 |    43 |   106 ||   167
       Bat Form          |       |       |     1 |     1 |     4 ||     6
       End Transformatio |       |       |     1 |     1 |     3 ||     5
       Evoke Invisibilit |       |       |       |       |     3 ||     3
Evoke: Wand              |       |       |     2 |       |    12 ||    14
       Phial of floods   |       |       |       |       |     2 ||     2
  Use: Scroll            |       |    12 |    10 |    17 |    26 ||    65
       Potion            |       |       |     4 |    15 |    21 ||    40
 Stab: Sleeping          |     4 |     7 |    23 |    51 |    74 ||   159
       Distracted        |       |     2 |     7 |    13 |    26 ||    48
       Invisible         |       |       |       |       |    12 ||    12
       Held in net/web   |       |       |       |       |     1 ||     1
  Eat: Corpse            |     3 |    12 |    21 |    28 |    21 ||    85
